TOP OF THE 1ST |
---|
Gainesville Guidos batting - Pitching for West Virginia Power : RHP Bob Howe | Pitching: RHP Bob Howe | | Batting: RHB Ramiro Santana | 0-0: Called Strike 0-1: Called Strike 0-2: Ball 1-2: Strikes out swinging | Batting: SHB Cornell Payne | 0-0: Ball 1-0: Ball 2-0: Ball 3-0: Base on Balls | Batting: RHB Luis Reynoso | 0-0: Ball Cornell Payne steals 2nd base 1-0: Ball 2-0: Ground out 5-3 (Groundball, 5L) | Batting: RHB Adrián López | 0-0: Ball 1-0: Called Strike 1-1: Swinging Strike 1-2: Ball 2-2: DOUBLE (Flyball, 8LXD) Cornell Payne scores | Pinch Runner at 2nd Scott Young: | | Batting: LHB Manuel Ortega | 0-0: Ball 1-0: Ball 2-0: Foul Ball, location: 2F 2-1: Ball 3-1: Called Strike 3-2: Foul Ball, location: 2F 3-2: Base on Balls | Batting: SHB Kent Phillips | 0-0: Ball 1-0: Swinging Strike 1-1: Ball 2-1: Swinging Strike 2-2: Strikes out looking | Top of the 1st over - 1 run, 1 hit, 0 errors, 2 left on base; Gainesville 1 - West Virginia 0 | BOTTOM OF THE 1ST |
---|
West Virginia Power batting - Pitching for Gainesville Guidos : RHP Joseph Burch | Pitching: RHP Joseph Burch | | Now at C: Scott Young | | Batting: RHB Matt Tucker | 0-0: Fly out, F8 (Flyball, 8RM) | Batting: RHB Joaquín Vásquez | 0-0: Ball 1-0: Ball 2-0: SINGLE (Line Drive, 9S) | Batting: SHB Patrizio Batistuta | 0-0: Fly out, F7 (Line Drive, 7) | Batting: RHB Joe Salas | 0-0: Ball 1-0: Foul Ball, location: 2F 1-1: Ball 2-1: Fly out, F9 (Flyball, 9S) | Bottom of the 1st over - 0 runs, 1 hit, 0 errors, 1 left on base; Gainesville 1 - West Virginia 0 | TOP OF THE 2ND |
---|
Gainesville Guidos batting - Pitching for West Virginia Power : RHP Bob Howe | Batting: SHB António Ramírez | 0-0: Called Strike 0-1: Called Strike 0-2: Ball 1-2: Ball 2-2: Strikes out looking | Batting: SHB José Sousa | 0-0: Ball 1-0: Fly out, F4 (Flyball, 34D) | Batting: RHB James Morris | 0-0: Called Strike 0-1: Foul Ball, location: 2F 0-2: Strikes out swinging | Top of the 2nd over - 0 runs, 0 hits, 0 errors, 0 left on base; Gainesville 1 - West Virginia 0 | BOTTOM OF THE 2ND |
---|
West Virginia Power batting - Pitching for Gainesville Guidos : RHP Joseph Burch | Batting: RHB Rafael Ortíz | 0-0: Ball 1-0: Ball 2-0: SINGLE (Line Drive, 56) | Batting: RHB Cory Hester | 0-0: Ball 1-0: Fly out, F4 (Popup, 34) | Batting: RHB Julián Garza | 0-0: Called Strike 0-1: Fly out, F4 (Line Drive, 4M) | Batting: RHB José Maldonado | 0-0: Ball 1-0: Called Strike 1-1: Swinging Strike 1-2: Foul Ball, location: 2F 1-2: Ball 2-2: Ball 3-2: Ground out 5-3 (Groundball, 56) | Bottom of the 2nd over - 0 runs, 1 hit, 0 errors, 1 left on base; Gainesville 1 - West Virginia 0 | TOP OF THE 3RD |
---|
Gainesville Guidos batting - Pitching for West Virginia Power : RHP Bob Howe | Batting: RHB Ramiro Santana | 0-0: Called Strike 0-1: SINGLE (Groundball, 4MD) | Batting: SHB Cornell Payne | 0-0: Ball 1-0: SINGLE (Line Drive, 4D) Ramiro Santana to second Runner from 2nd tries for 3rd, SAFE, no throw | Batting: RHB Luis Reynoso | 0-0: Called Strike 0-1: Grounds into double play, 4-6-3 (Groundball, 4) Ramiro Santana scores | Batting: LHB Scott Young | 0-0: Called Strike 0-1: Fly out, F8 (Flyball, 8RD) | Top of the 3rd over - 1 run, 2 hits, 0 errors, 0 left on base; Gainesville 2 - West Virginia 0 | BOTTOM OF THE 3RD |
---|
West Virginia Power batting - Pitching for Gainesville Guidos : RHP Joseph Burch | Batting: RHB Nick Mackin | 0-0: Called Strike 0-1: Swinging Strike 0-2: Ball 1-2: Ball 2-2: Ball 3-2: Strikes out looking | Batting: RHB Matt Tucker | 0-0: TRIPLE (Flyball, 89XD) | Batting: RHB Joaquín Vásquez | 0-0: Ball 1-0: Fly out, F9 (Flyball, 89D) Runner from 3rd tags up, SCORES, throw made | Batting: SHB Patrizio Batistuta | 0-0: Ball 1-0: Foul Ball, location: 2F 1-1: Ball 2-1: Ball 3-1: Fly out, F9 (Flyball, 9) | Bottom of the 3rd over - 1 run, 1 hit, 0 errors, 0 left on base; Gainesville 2 - West Virginia 1 | TOP OF THE 4TH |
---|
Gainesville Guidos batting - Pitching for West Virginia Power : RHP Bob Howe | Batting: LHB Manuel Ortega | 0-0: Foul Ball, location: 2F 0-1: Ball 1-1: Swinging Strike 1-2: Strikes out swinging | Batting: SHB Kent Phillips | 0-0: Swinging Strike 0-1: Called Strike 0-2: Strikes out swinging | Batting: SHB António Ramírez | 0-0: Ball 1-0: Foul Ball, location: 2F 1-1: Ball 2-1: Foul Ball, location: 2F 2-2: Foul Ball, location: 2F 2-2: SINGLE (Flyball, 9LS) | Batting: SHB José Sousa | 0-0: Ball António Ramírez steals 2nd base 1-0: Ball 2-0: Foul Ball, location: 2F 2-1: Foul Ball, location: 2F 2-2: Strikes out swinging | Top of the 4th over - 0 runs, 1 hit, 0 errors, 1 left on base; Gainesville 2 - West Virginia 1 | BOTTOM OF THE 4TH |
---|
West Virginia Power batting - Pitching for Gainesville Guidos : RHP Joseph Burch | Batting: RHB Joe Salas | 0-0: Called Strike 0-1: Ball 1-1: Foul Ball, location: 2F 1-2: Ball 2-2: Strikes out swinging | Batting: RHB Rafael Ortíz | 0-0: Ground out 6-3 (Groundball, 6) | Batting: RHB Cory Hester | 0-0: Swinging Strike 0-1: Called Strike 0-2: Strikes out swinging | Bottom of the 4th over - 0 runs, 0 hits, 0 errors, 0 left on base; Gainesville 2 - West Virginia 1 | TOP OF THE 5TH |
---|
Gainesville Guidos batting - Pitching for West Virginia Power : RHP Bob Howe | Batting: RHB James Morris | 0-0: Fly out, F8 (Flyball, 8LXD) | Batting: RHB Ramiro Santana | 0-0: Ball 1-0: Called Strike 1-1: Fly out, F4 (Popup, 4) | Batting: SHB Cornell Payne | 0-0: Foul Ball, location: 2F 0-1: Ball 1-1: Swinging Strike 1-2: Fly out, F7 (Flyball, 7LS) | Top of the 5th over - 0 runs, 0 hits, 0 errors, 0 left on base; Gainesville 2 - West Virginia 1 | BOTTOM OF THE 5TH |
---|
West Virginia Power batting - Pitching for Gainesville Guidos : RHP Joseph Burch | Batting: RHB Julián Garza | 0-0: Called Strike 0-1: Ball 1-1: Ball 2-1: Foul Ball, location: 2F 2-2: Ball 3-2: SINGLE (Line Drive, 89S) | Batting: RHB José Maldonado | 0-0: SINGLE (Flyball, 78M) Julián Garza to second Runner from 2nd tries for 3rd, SAFE, throw made to third | Batting: RHB Nick Mackin | 0-0: Foul Ball, location: 2F 0-1: Ball 1-1: Ball 2-1: SINGLE (Groundball, 4MD) Julián Garza scores José Maldonado to second Runner from 2nd tries for 3rd, SAFE, no throw | Batting: RHB Matt Tucker | 0-0: Ball 1-0: Called Strike 1-1: Swinging Strike 1-2: Ball 2-2: Strikes out swinging | Batting: RHB Joaquín Vásquez | 0-0: Ball 1-0: Ball 2-0: Ball 3-0: Called Strike 3-1: Base on Balls Nick Mackin to second | Batting: SHB Patrizio Batistuta | 0-0: Called Strike 0-1: Swinging Strike 0-2: Ball 1-2: Foul Ball, location: 2F 1-2: Ball 2-2: Strikes out swinging | Batting: RHB Joe Salas | 0-0: Ball 1-0: Ball 2-0: Ball 3-0: Called Strike 3-1: Fly out, F9 (Flyball, 9) | Bottom of the 5th over - 1 run, 3 hits, 0 errors, 3 left on base; Gainesville 2 - West Virginia 2 | TOP OF THE 6TH |
---|
Gainesville Guidos batting - Pitching for West Virginia Power : RHP Bob Howe | Batting: RHB Luis Reynoso | 0-0: Ball 1-0: Foul Ball, location: 2F 1-1: Ball 2-1: Ball 3-1: Base on Balls | Batting: LHB Scott Young | 0-0: Foul Ball, location: 2F 0-1: Ball 1-1: Swinging Strike 1-2: Foul Ball, location: 2F 1-2: Strikes out swinging Luis Reynoso steals 2nd base Batter strikes out. | Batting: LHB Manuel Ortega | 0-0: Intentional Walk | Batting: SHB Kent Phillips | 0-0: Called Strike 0-1: Ball 1-1: Ball Luis Reynoso steals 3rd base 2-1: Foul Ball, location: 2F 2-2: Foul Ball, location: 2F 2-2: Foul Ball, location: 2F 2-2: Foul Ball, location: 2F 2-2: Strikes out looking | Batting: SHB António Ramírez | 0-0: Ball 1-0: Ball 2-0: Ball 3-0: Called Strike 3-1: Called Strike 3-2: Ground out 4-3 (Groundball, 4) | Top of the 6th over - 0 runs, 0 hits, 0 errors, 2 left on base; Gainesville 2 - West Virginia 2 | BOTTOM OF THE 6TH |
---|
West Virginia Power batting - Pitching for Gainesville Guidos : RHP Joseph Burch | Batting: RHB Rafael Ortíz | 0-0: Called Strike 0-1: Ball 1-1: Ball 2-1: Ball 3-1: DOUBLE (Line Drive, 78S) | Batting: RHB Cory Hester | 0-0: Intentional Walk | Batting: RHB Julián Garza | 0-0: Called Strike 0-1: Fielders Choice at 2nd, 1-6 (Groundball, P) Rafael Ortíz to third | Batting: RHB José Maldonado | 0-0: Called Strike 0-1: Fly out, F7 (Flyball, 78D) Runner from 3rd tags up, OUT at HOME | Bottom of the 6th over - 0 runs, 1 hit, 0 errors, 1 left on base; Gainesville 2 - West Virginia 2 | TOP OF THE 7TH |
---|
Gainesville Guidos batting - Pitching for West Virginia Power : RHP Bob Howe | Pitching: LHP Michael Stewart | | Pinch Hitting: RHB Augusto Baca | 0-0: Ball 1-0: Swinging Strike 1-1: Ball 2-1: Ground out 5-3 (Groundball, 56S) | Batting: RHB James Morris | 0-0: Fly out, F8 (Flyball, 8LD) | Batting: RHB Ramiro Santana | 0-0: Ball 1-0: Ball 2-0: Ball 3-0: Base on Balls | Batting: SHB Cornell Payne | 0-0: Ball 1-0: Called Strike 1-1: Ball 2-1: Ball 3-1: Called Strike 3-2: SINGLE (Groundball, 56D) Ramiro Santana to second Ramiro Santana to third | Batting: RHB Luis Reynoso | 0-0: Called Strike 0-1: SINGLE (Groundball, 56D) Ramiro Santana scores Cornell Payne to second | Batting: LHB Scott Young | 0-0: Ball 1-0: Called Strike 1-1: Ball 2-1: SINGLE (Groundball, 34D) Cornell Payne to third Luis Reynoso to second Runner from 3rd tries for Home, SAFE, no throw | Batting: LHB Manuel Ortega | 0-0: Ball 1-0: Ball 2-0: Foul Ball, location: 2F 2-1: Ball 3-1: Fly out, F7 (Flyball, 7) | Top of the 7th over - 2 runs, 3 hits, 0 errors, 2 left on base; Gainesville 4 - West Virginia 2 | BOTTOM OF THE 7TH |
---|
West Virginia Power batting - Pitching for Gainesville Guidos : RHP Joseph Burch | Now in LF: Augusto Baca | | Batting: RHB Nick Mackin | 0-0: Ball 1-0: Ball 2-0: Ball 3-0: Called Strike 3-1: Ground out 4-3 (Groundball, 4) | Batting: RHB Matt Tucker | 0-0: Foul Ball, location: 2F 0-1: Swinging Strike 0-2: Ball 1-2: Strikes out swinging | Batting: RHB Joaquín Vásquez | 0-0: Called Strike 0-1: Ball 1-1: Foul Ball, location: 2F 1-2: Ball 2-2: Strikes out swinging | Bottom of the 7th over - 0 runs, 0 hits, 0 errors, 0 left on base; Gainesville 4 - West Virginia 2 | TOP OF THE 8TH |
---|
Gainesville Guidos batting - Pitching for West Virginia Power : LHP Michael Stewart | Pitching: RHP António Zapata | | Batting: SHB Kent Phillips | 0-0: Called Strike 0-1: Foul Ball, location: 2F 0-2: Foul Ball, location: 2F 0-2: Strikes out swinging | Batting: SHB António Ramírez | 0-0: Ball 1-0: Ball 2-0: Ball 3-0: Base on Balls | Batting: RHB Augusto Baca | 0-0: Fly out, F9 (Flyball, 9LMF) | Batting: RHB James Morris | 0-0: Ball 1-0: Called Strike 1-1: Swinging Strike 1-2: Strikes out swinging | Top of the 8th over - 0 runs, 0 hits, 0 errors, 1 left on base; Gainesville 4 - West Virginia 2 | BOTTOM OF THE 8TH |
---|
West Virginia Power batting - Pitching for Gainesville Guidos : RHP Joseph Burch | Pitching: LHP Gerardo González | | Batting: SHB Patrizio Batistuta | 0-0: Ball 1-0: Ball 2-0: SINGLE (Line Drive, 5) | Batting: RHB Joe Salas | 0-0: Foul Ball, location: 2F 0-1: Swinging Strike 0-2: Ball 1-2: SINGLE (Line Drive, 8LS) Patrizio Batistuta to second | Batting: RHB Rafael Ortíz | 0-0: Ball 1-0: Ball 2-0: Called Strike 2-1: Grounds into double play, 4-6-3 (Groundball, 4D) Patrizio Batistuta to third | Batting: RHB Cory Hester | 0-0: SINGLE (Flyball, 78M) Patrizio Batistuta scores | Pinch Hitting: RHB Diego Benítez | 0-0: Foul Ball, location: 2F 0-1: Foul Ball, location: 2F 0-2: Fielders Choice at 2nd, 6-4 (Groundball, 6) | Bottom of the 8th over - 1 run, 3 hits, 0 errors, 1 left on base; Gainesville 4 - West Virginia 3 | TOP OF THE 9TH |
---|
Gainesville Guidos batting - Pitching for West Virginia Power : RHP António Zapata | Pitching: RHP António Córdova | | Now at 3B: Diego Benítez | | Batting: RHB Ramiro Santana | 0-0: Called Strike 0-1: Ball 1-1: Called Strike 1-2: Fly out, F3 (Popup, 3) | Batting: SHB Cornell Payne | 0-0: Called Strike 0-1: Foul Ball, location: 2F 0-2: Ball 1-2: Fly out, F7 (Flyball, 7LS) | Batting: RHB Luis Reynoso | 0-0: Ball 1-0: Ground out 6-3 (Groundball, 6) | Top of the 9th over - 0 runs, 0 hits, 0 errors, 0 left on base; Gainesville 4 - West Virginia 3 | BOTTOM OF THE 9TH |
---|
West Virginia Power batting - Pitching for Gainesville Guidos : LHP Gerardo González | Pitching: RHP Ricardo Montero | | Pinch Hitting: LHB José González | 0-0: Foul Ball, location: 2F 0-1: SINGLE (Groundball, 4D) | Pinch Runner at 1st Norberto Márquez: | | Batting: RHB Nick Mackin | 0-0: Ball 1-0: Bunted foul 1-1: Sac Bunt - play at first, batter OUT! 1-4 Norberto Márquez to second | Batting: RHB Matt Tucker | 0-0: Called Strike 0-1: Swinging Strike 0-2: Ground out 6-3 (Groundball, 6) Norberto Márquez to third | Batting: RHB Joaquín Vásquez | 0-0: Swinging Strike 0-1: Called Strike 0-2: Ball 1-2: Foul Ball, location: 2F 1-2: Strikes out looking | Bottom of the 9th over - 0 runs, 1 hit, 0 errors, 1 left on base; Gainesville 4 - West Virginia 3 | |